 Dungeon Crawl Stone Soup version 0.28-b1-25-g9875b3fc8c (webtiles) character file.

Game seed: 16926126586980813706

5 sanka the Sneak (level 1, 0/11 HPs)
             Began as a Tengu Enchanter on Feb 5, 2022.
             Slain by a quokka (5 damage)
             ... on level 1 of the Dungeon.
             The game lasted 00:00:13 (380 turns).

sanka the Sneak (Tengu Enchanter)                    Turns: 380, Time: 00:00:13

Health: 0/11       AC:  2    Str:  8    XL:     1   Next: 80%
Magic:  4/4        EV: 12    Int: 15    God:
Gold:   25         SH:  0    Dex: 14    Spells: 4/4 levels left

rFire   . . .      SeeInvis .   a - +1 dagger
rCold   . . .      Faith    .   (no shield)
rNeg    . . .      Spirit   .   b - +0 robe
rPois   .          Reflect  .   (helmet restricted)
rElec   .          Harm     .   (no cloak)
rCorr   .          Rampage  .   (no gloves)
Will    .....                   (boots unavailable)
Stlth   ++........              (no amulet)
HPRegen 0.03/turn               (no ring)
MPRegen 0.09/turn               (no ring)

@: no status effects
A: beak, talons 3
a: no special abilities


You were on level 1 of the Dungeon.
You visited 1 branch of the dungeon, and saw 1 of its levels.

You collected 25 gold pieces.

Inventory:

Hand Weapons
 a - a +1 dagger (weapon)
Armour
 b - a +0 robe (worn)
Potions
 c - a potion of invisibility
 d - a potion of curing {unknown}


   Skills:
 + Level 0.8 Fighting
 - Level 1.1 Short Blades
 + Level 2.5 Dodging
 - Level 3.0 Stealth
 - Level 2.0 Spellcasting
 - Level 2.1 Hexes


You had 4 spell levels left.
You didn't know any spells.
Your spell library contained the following spells:

 Spells                   Type           Power      Damage    Failure   Level
 Ensorcelled Hibernation  Hex/Ice        8%         N/A       22%         2
 Confusing Touch          Hex            8%         N/A       26%         3
 Tukima's Dance           Hex            8%         N/A       26%         3
 Dazzling Flash           Conj/Hex       8%         N/A       38%         3


Dungeon Overview and Level Annotations

Branches:
Dungeon (1/15)

Altars:


Innate Abilities, Weirdness & Mutations

You have a beak for a mouth.
You have claws for feet.


Message History

You puncture the hobgoblin!
You kill the hobgoblin!
You hit the frilled lizard.
You kill the frilled lizard!
An endoplasm is nearby!
The endoplasm quivers.
You hit the endoplasm.
The endoplasm is lightly wounded.
The endoplasm hits you.
You hit the endoplasm. Your kick misses the endoplasm.
The endoplasm is severely wounded.
The endoplasm freezes you.
You are frozen.
You hit the endoplasm.
You kill the endoplasm!
You start resting.
HP restored.
Found a pair of gloves.
d - a fuming dark potion You open the door.
A quokka and a bat come into view.
Found a chain mail and 12 gold pieces.
Found an escape hatch in the floor.
There are monsters nearby!
The quokka bites you. x2
There is an open door, spattered with blood here.
You hit the quokka.
The quokka is moderately wounded.
The quokka bites you.
You are too injured to fight recklessly!
You are too injured to fight recklessly!
You are too injured to fight recklessly!
You are too injured to fight recklessly!
Unknown command.
You miss the quokka. Your kick misses the quokka. Your peck misses the quokka.
The quokka is moderately wounded.
The quokka closely misses you.
You hit the quokka but do no damage. Your peck misses the quokka.
The quokka is moderately wounded.
The quokka bites you.
You die...

###########################
#.....................#...#
#.............#....#..#.#..
#...###....⌠...#.#.#...#.). #..##
##...............##.# .. #..##
##........##..#......
...####^..###...####...#...##..#.
......#........#@rb##....#..#...#
#......⌠...#[##>#.....##.÷...
###........##$ #.........##.
#...###...####....##.##..#. #..##
##...........#...#... #..##
##.........#...#.....
#...###....⌠...##...###....
#.............#...#. ..#...
#..[..............##......#


You could see a quokka and a bat.

Vanquished Creatures
  An endoplasm (D:1)
  A hobgoblin (D:1)
  A kobold (D:1)
  A frilled lizard (D:1)
  A rat (D:1)
5 creatures vanquished.

Notes
Turn   | Place    | Note
-------+----------+-------------------------------------------
     0 | D:1      | sanka the Tengu Enchanter began the quest for the Orb.
     0 | D:1      | Reached XP level 1. HP: 10/10 MP: 4/4
   380 | D:1      | Slain by a quokka

Illustrated notes

Levels and vault maps discovered:
D:1:      erik_arrival_cave_to_civilisation [erik_arrival_cave_to_hall],
          layout_basic, minmay_tetromino_i2

Action                   || total
-------------------------++-------
Melee: Dagger            ||    11
       Kick              ||     3
 Stab: Sleeping          ||     1
Dodge: Dodged            ||     2
